 Dungeon Crawl Stone Soup version 0.13.0-18-g7b03ea5 (webtiles) character file.

284 Kejsarherre the Skirmisher (level 5, -1/52 HPs)
             Began as an Ogre Wanderer on Oct 23, 2013.
             Was an Initiate of the Shining One.
             Slain by a gnoll (5 damage)
             ... on Level 2 of the Dungeon.
             The game lasted 00:04:21 (2071 turns).

Kejsarherre the Skirmisher (Ogre Wanderer)          Turns: 2071, Time: 00:04:21

HP  -1/52        AC  4     Str 19 (22) XL: 5   Next: 12%
MP   6/6         EV  9     Int 11      God: the Shining One [......]
Gold 155         SH  0     Dex 10      Spells:  0 memorised,  4 levels left

Res.Fire  : . . .   See Invis. : .   a - +2,+3 quarterstaff
Res.Cold  : . . .   Warding    : .   b - +0 robe
Life Prot.: . . .   Conserve   : .   (shield restricted)
Res.Poison: .       Res.Corr.  : .   (helmet restricted)
Res.Elec. : .       Clarity    : .   q - +0 elf cloak
Sust.Abil.: . .     Spirit.Shd : .   (gloves unavailable)
Res.Mut.  : .       Stasis     : .   (boots unavailable)
Res.Rott. : .       Flight     : .   (no amulet)
Saprovore : + . .                    (no ring)
                                     (no ring)

@: mighty, mildly poisoned, slightly resistant to hostile enchantments,
unstealthy
A: unfitting armour, fast metabolism 1, saprovore 1, tough skin 1
a: Renounce Religion


You were on level 2 of the Dungeon.
You worshipped the Shining One. the Shining One was noncommittal.
You were near starving.

You visited 1 branch of the dungeon, and saw 3 of its levels.

You collected 105 gold pieces.

Inventory:

Hand weapons
 a - a +2,+3 quarterstaff (weapon)
Armour
 b - a +0 robe (worn)
 q - a +0 elven cloak (worn)
Comestibles
 c - 2 meat rations
 m - a bread ration
 t - a choko
Scrolls
 f - 2 scrolls of random uselessness {unknown}
 g - 3 scrolls of remove curse {unknown}
 h - a scroll of enchant armour {unknown}
 k - 2 scrolls of identify {unknown}
 n - 4 scrolls of fear {unknown}
 o - a scroll of enchant weapon I {unknown}
 r - a scroll of curse jewellery {unknown}
Jewellery
 i - an uncursed amulet of faith {unknown}
Potions
 d - a potion of might
 p - a potion of slowing {unknown}
 s - a potion of decay {unknown}


   Skills:
 + Level 6.8 Fighting
 - Level 1.7 Staves
 - Level 1.1 Throwing
 - Level 1.0 Stealth
   Level 2.1 Hexes
   Level 1.0 Evocations


You had 4 spell levels left.
You didn't know any spells.

Dungeon Overview and Level Annotations

Branches:
Dungeon (3/27)

Altars:
Nemelex Xobeh
the Shining One


Innate Abilities, Weirdness & Mutations

You are too large for most types of armour.
You have a fast metabolism.
You can tolerate rotten meat.
You have tough skin (AC +1).


Message History

You sock the gnoll!
The gnoll is almost dead.
The gnoll hits you.
* * * LOW HITPOINT WARNING * * *
The gnoll hits you.
* * * LOW HITPOINT WARNING * * *
You barely miss the gnoll.
The gnoll is almost dead.
The gnoll hits you.
* * * LOW HITPOINT WARNING * * *
You barely miss the gnoll.
The gnoll is almost dead.
The gnoll closely misses you.
Drink which item? (? for menu, Esc to quit)
There was something very wrong with that liquid!
You feel weakened.
It was a potion of degeneration.
* * * LOW HITPOINT WARNING * * *
You feel sick. The gnoll hits you.
You die...

## ### #############..
## #..g.......##.. #.
.?##+##.##g.... ####.
#.# #........
#....###.+ +...(....
#....@grs# #....##..
#..#####.##+##..####..
# #..r...........
...##.##.###..###..
........s..........
+##............#...
#............#..#
+................
#.........##.#.##


You could see a gnoll, a giant cockroach and a rat.

Vanquished Creatures
  7 adders
  An inept feature mimic (D:2)
  2 giant geckos
  An orc (D:3)
  A ball python (D:2)
  3 giant cockroaches
  A goblin (D:1)
  6 hobgoblins
  5 jackals (D:2)
  12 kobolds
  8 bats
  6 giant newts
  8 rats
61 creatures vanquished.

Notes
Turn   | Place    | Note
--------------------------------------------------------------
     0 | D:1      | Kejsarherre, the Ogre Wanderer, began the quest for the Orb.
     0 | D:1      | Reached XP level 1. HP: 18/18 MP: 2/2
    40 | D:1      | Reached skill level 3 in Fighting
   143 | D:1      | Reached XP level 2. HP: 18/26 MP: 3/3
   328 | D:1      | Reached skill level 4 in Fighting
   568 | D:2      | Reached XP level 3. HP: 18/33 MP: 4/4
   702 | D:2      | Reached skill level 5 in Fighting
   869 | D:2      | Reached XP level 4. HP: 19/42 MP: 5/5
   918 | D:2      | Found a sparkling altar of Nemelex Xobeh.
  1376 | D:3      | Reached skill level 6 in Fighting
  1632 | D:3      | Found a glowing golden altar of the Shining One.
  1641 | D:3      | Reached XP level 5. HP: 15/52 MP: 6/6
  1646 | D:3      | Became a worshipper of the Shining One
  1955 | D:2      | HP: 2/52 [gnoll (9)]
  2071 | D:2      | Slain by a gnoll

Action                   |  1- 3 |  4- 6 || total
-------------------------+-------+-------++-------
Melee: Quarterstaff      |    68 |   111 ||   179
  Use: Potion            |     1 |     4 ||     5
 Stab: Sleeping          |       |     1 ||     1
